 Dungeon Crawl Stone Soup version 0.32-a0-814-g0968bab981 (webtiles) character file.

Game seed: 18365809739920326882

104357 croobank the Summoner (level 16, -6/115 (120) HPs)
             Began as a Human Summoner on Mar 22, 2024.
             Was the Champion of Kikubaaqudgha.
             Killed from afar by an orc sorcerer (22 damage)
             ... with a bolt of negative energy
             ... led by an orc knight
             ... on level 2 of the Orcish Mines.
             The game lasted 01:41:41 (28714 turns).

croobank the Summoner (Human Summoner)             Turns: 28714, Time: 01:41:41

HP:   -6/115 (120)  AC:  7    Str: 13    XL:     16   Next: 38%
MP:   18/29         EV: 16    Int: 34    God:    Kikubaaqudgha [******]
Gold: 3098          SH:  0    Dex: 14    Spells: 0/34 levels left

rFire   . . .        C - +8 arc blade {discharge, rElec}
rCold   . . .        (no shield)
rNeg    . . .        q - +0 robe
rPois   .            W - +0 helmet
rElec   +            j - +1 cloak
rCorr   .            G - +0 pair of gloves {Str+3}
SInv    .            J - +0 pair of boots
Will    +....        B - amulet of magic regeneration
Stlth   ++           T - +6 ring of intelligence
HPRegen 0.39/turn    e - +6 ring of intelligence
MPRegen 0.61/turn

%: no passive effects
@: confused, death channelling, ambrosia-drunk, forested, lightly drained
A: explore regen
a: Renounce Religion, Unearth Wretches, Torment


You were on level 2 of the Orcish Mines.
You worshipped Kikubaaqudgha.
Kikubaaqudgha was exalted by your worship.
You visited 3 branches of the dungeon, and saw 19 of its levels.
You also visited: Sewer and Ossuary.

You collected 3098 gold pieces.

Inventory:

Hand Weapons
 a - a +3 dagger of venom
 b - a +4 orcbow of freezing
 d - a +3 eveningstar
 x - the +10 short sword of Ycafullu {drain, rF+ Str+3 SInv}
   (You found it on level 11 of the Dungeon)

   Str+3:     It affects your strength (+3).
   rF+:       It protects you from fire.
   SInv:      It lets you see invisible.
 A - a +1 scimitar of flaming
 C - the +8 arc blade (weapon) {discharge, rElec}
   (You found it on level 5 of the Dungeon)

   rElec:     It insulates you from electricity.
 Z - a +4 dagger of electrocution
Missiles
 m - 10 javelins
 M - a curare-tipped dart
Armour
 j - a +1 cloak (worn)
 q - a +0 robe (worn)
 u - a +2 kite shield
 G - a +0 pair of gloves of strength (worn)
 J - a +0 pair of boots (worn)
 W - a +0 helmet (worn)
Jewellery
 e - a +6 ring of intelligence (right hand)
 g - a ring of magical power
 h - a +5 ring of evasion
 i - a ring of protection from cold
 y - a ring of wizardry
 B - an amulet of magic regeneration (around neck)
 N - a ring of ice
 O - a +6 ring of strength
 T - a +6 ring of intelligence (left hand)
 Y - a ring of protection from cold
Wands
 k - a wand of mindburst (35)
 p - a wand of warping (37)
 v - a wand of acid (4)
 F - a wand of digging (3)
 X - a wand of flame (21)
Scrolls
 c - 3 scrolls of noise
 f - a scroll of revelation
 n - 4 scrolls of teleportation
 o - 10 scrolls of poison
 w - 10 scrolls of identify
 I - a scroll of acquirement
 L - 4 scrolls of fear
 Q - a scroll of summoning
 V - 3 scrolls of blinking
Potions
 l - 5 potions of curing
 r - 4 potions of lignification
 s - 8 potions of attraction
 z - 7 potions of enlightenment
 D - 6 potions of haste
 H - 4 potions of brilliance
 K - 2 potions of cancellation
 P - a potion of berserk rage
 R - a potion of mutation
 S - 3 potions of magic
 U - 4 potions of might


   Skills:
 + Level 9.3 Fighting
 - Level 10.0 Dodging
 - Level 10.0 Stealth
 + Level 3.2 Shields
 + Level 9.7 Spellcasting
 + Level 4.4 Hexes
 + Level 11.1 Summonings
 + Level 9.3 Necromancy
 + Level 9.2 Translocations
 - Level 8.5 Fire Magic
 - Level 7.0 Air Magic


You couldn't memorise any spells.
You knew the following spells:

 Your Spells              Type           Power      Damage    Failure   Level
a - Summon Small Mammal   Summ           100%       N/A       1%          1
b - Call Imp              Summ           100%       N/A       1%          2
c - Call Canine Familiar  Summ           75%        N/A       1%          3
d - Summon Blazeheart Go  Fire/Summ      70%        N/A       1%          4
e - Summon Lightning Spi  Summ/Air       67%        N/A       1%          4
f - Summon Mana Viper     Hex/Summ       62%        N/A       3%          5
g - Summon Forest         Summ/Tloc      35%        N/A       1%          5
D - Death Channel         Necr           34%        N/A       9%          6
N - Anguish               Hex/Necr       29%        N/A       1%          4

Your spell library contained the following spells:

 Spells                   Type           Power      Damage    Failure   Level
 Apportation              Tloc           100%       N/A       1%          1
 Kiss of Death            Conj/Necr      100%       2d13      1%          1
 Necrotise                Necr           100%       1d9       1%          1
 Cigotuvi's Dreadful Rot  Necr/Alch/Air  100%       N/A       1%          2
 Mercury Vapours          Alch/Air       80%        N/A       1%          2
 Scorch                   Fire           100%       2d9       1%          2
 Sublimation of Blood     Necr           68%        N/A       1%          2
 Fugue of the Fallen      Necr           68%        N/A       1%          3
 Inner Flame              Hex/Fire       57%        N/A       1%          3
 Sigil of Binding         Hex            47%        N/A       1%          3
 Volatile Blastmotes      Fire/Tloc      100%       2d18      1%          3
 Dimensional Bullseye     Hex/Tloc       29%        N/A       1%          4
 Dispel Undead            Necr           68%        3d23      1%          4
 Curse of Agony           Necr           68%        N/A       1%          5
 Sting                    Conj/Alch      64%        1d7       2%          1
 Cause Fear               Hex            23%        N/A       4%          4
 Flame Wave               Conj/Fire      45%        2d12      4%          4
 Iskenderun's Mystic Bla  Conj/Tloc      47%        2d10      4%          4
 Sticky Flame             Fire/Alch      45%        2d9       4%          4
 Summon Cactus Giant      Summ           37%        N/A       4%          6
 Fireball                 Conj/Fire      22%        3d10      13%         5
 Monstrous Menagerie      Summ           37%        N/A       24%         7
 Fulminant Prism          Conj/Alch      8%         3d7       26%         4
 Olgreb's Toxic Radiance  Alch           16%        N/A       26%         4
 Haunt                    Necr/Summ      36%        N/A       34%         7
 Borgnjor's Revivificati  Necr           34%        N/A       98%         8
 Infestation              Necr           34%        N/A       98%         8
 Ozocubu's Refrigeration  Ice            8%         4d9       100%        7
 Discord                  Hex            23%        N/A       100%        8
 Chain Lightning          Conj/Air       20%        3d26      100%        9
 Death's Door             Necr           34%        N/A       100%        9
 Dragon's Call            Summ           37%        N/A       100%        9
 Fire Storm               Conj/Fire      22%        8d6       100%        9
 Shatter                  Erth           8%         3d10*     100%        9


Dungeon Overview and Level Annotations

Branches:
Dungeon (12/15)            Temple (0/1) D:7            Lair (5/5) D:10
  Swamp (0/4) Lair:2        Snake (0/4) Lair:3        Slime (0/5) Lair:5
    Orc (2/2) D:11          Sewer (visited)         Ossuary (visited)
    Elf: Orc:2

Altars:
Ashenzari
Dithmenos
Elyvilon
Hepliaklqana
Kikubaaqudgha
Qazlal
Ru
Uskayaw
Vehumet
Wu Jian
Jiyva

Shops:
D:6 *

Annotations:
D:11 exclusion: downstairs
D:12 !skel warr
Lair:2 exclusion: oklob plant


Innate Abilities, Weirdness & Mutations

You regain HP and MP as you explore.


Message History

Press: ? - help, Dir - look around, f - activate
Okay, then.
Casting: Anguish (mildly dangerous; 1% risk of failure)
Confirm with . or Enter, or press ? or * to list all spells.
Casting: Anguish (mildly dangerous; 1% risk of failure)
Press: ? - help, Dir - look around, f - activate The ogre mage resists with almost no effort.
The orc is haunted by guilt!
The orc sorcerer is haunted by guilt!
The ogre mage barely misses your spectral orc knight.
The ogre barely misses your spectral orc wizard.
The ogre closely misses your spectral orc warrior.
An ogre comes into view. It is wielding a +0 giant club.
The two-headed ogre hits your spectral orc with a +0 giant club!
Your spectral orc is destroyed!
The two-headed ogre is wracked by anguish.
The orc sorcerer casts a spell at you.
Your snaplasher vine segment resists with some effort.
Your dryad hits the ogre mage!
Your spectral two-headed ogre hits the ogre.
Your spectral two-headed ogre barely misses the ogre.
Your spectral orc wizard hits the ogre but does no damage.
Your spectral orc knight barely misses the ogre mage.
Your spectral orc warrior hits the ogre! x2
You are confused.
You feel invigorated.
Your snaplasher vine grabs the ogre.
Your snaplasher vine hits the ogre!
Your snaplasher vine constricts the ogre.
The orc hits your spectral orc warrior with a +4 trident.
The orc is wracked by anguish.
The orc dies!
Kikubaaqudgha accepts your kill.
A glowing mist starts to gather...
The orc sorcerer gestures at you while chanting.
The bolt of negative energy hits your snaplasher vine segment!
Your snaplasher vine segment is drained!
Your snaplasher vine segment is destroyed!
Your snaplasher vine loses its grip on the ogre.
The bolt of negative energy hits you!!
You feel drained.
You die...
Kikubaaqudgha rasps: You have failed me!
Welcome... death!

## # ##### #.##.
.#..## ....
......
...♣..♣.......
♣...........# ♣
#.♣♣........
..#♣♣##@..o.♣.$..
.....#...)O..#...
.~~~).....ZO.Z...
..~)~)....Z)).)..
.~~~~.)<.ZRO.♣..
~~~~~...ZZO..O...
~~~~~..♣.OO...♣..
.........$.♣#....
.)........))...##


You could see a two-headed ogre (ally target, anguished), an ogre mage (ally
target), an orc sorcerer (strong, anguished), 5 ogres, a friendly dryad
(summoned), a friendly spectral orc, 2 friendly spectral orc warriors, a
friendly spectral orc wizard, a friendly spectral orc knight and a friendly
spectral two-headed ogre.

Vanquished Creatures
  Nessos (Orc:2)
  A dire elephant (Lair:5)
  Fannar (D:11)
  A great orb of eyes (D:10)
  A catoblepas (Lair:3)
  A two-headed ogre (D:11)
  2 death yaks
  Urug (Lair:1)
  A skyshark (Lair:3)
  A spriggan druid (Lair:2)
  A manticore (D:11)
  12 elephants
  3 black mambas (Lair:3)
  2 torpor snails
  13 cane toads
  A gargoyle (D:11)
  An unseen horror (D:11)
  8 komodo dragons
  3 polar bears
  A troll (D:9)
  3 nameless horrors
  A dream sheep (Lair:3)
  A blink frog (Lair:4)
  The ghost of backslashecho the Slasher, an amateur TeMo (D:4)
  3 slime creatures
  2 shadows
  4 wyverns
  34 yaks
  4 vampire mosquitoes (D:10)
  Eustachio (D:6)
  A wraith (D:10)
  A steam dragon (D:6)
  Edmund (D:4)
  An acid dragon (D:11)
  8 water moccasins
  5 orc warriors
  A swamp drake (D:11)
  A black bear (Lair:3)
  2 ogres
  13 wolves
  10 centaurs
  A bullfrog (Lair:3)
  A gnoll sergeant (D:9)
  2 scorpions
  8 killer bees (D:8)
  2 howler monkeys
  2 electric eels
  2 bombardier beetles
  2 jellies (D:10)
  A hound (D:5)
  An orc priest (D:9)
  A sleepcap (D:7)
  Ijyb (D:4)
  A hell rat (Lair:3)
  2 orc wizards
  7 gnolls
  An adder (D:4)
  2 white imps
  2 dart slugs
  2 ribbon worms
  23 orcs
  5 ball pythons
  4 bats
  4 endoplasms
  3 giant cockroaches
  A goblin (D:3)
  3 hobgoblins
  7 jackals
  A quokka (D:2)
  A frilled lizard (D:2)
  3 kobolds
  A snaplasher vine (Lair:5)
251 creatures vanquished.

Vanquished Creatures (collateral kills)
  2 orc warlords
  2 hydras (Lair:3)
  3 catoblepae
  A boulder beetle (Lair:4)
  3 two-headed ogres (Orc:2)
  2 death yaks
  A deep troll shaman (Lair:5)
  The ghost of Ruich the Destroyer, a novice DgCj (D:10)
  Nergalle (Orc:1)
  A spriggan druid (Lair:2)
  A lindwurm (Lair:5)
  An orc sorcerer (Orc:1)
  Maurice (Orc:1)
  12 elephants
  2 black mambas (Lair:3)
  A gargoyle (D:11)
  Joseph (Lair:1)
  11 cane toads
  Jeremiah (Lair:1)
  3 rime drakes
  3 komodo dragons
  2 polar bears
  4 trolls
  7 blink frogs
  A nameless horror (Lair:2)
  A shadow (D:11)
  A slime creature (D:12)
  2 wyverns
  A wraith (D:9)
  22 yaks
  Grum (D:8)
  3 basilisks
  Menkaure (D:4)
  13 water moccasins
  Pargi (Sewer)
  12 orc warriors
  2 ice beasts
  2 black bears (Lair:5)
  A sky beast (D:8)
  6 ogres
  14 wolves
  3 centaurs
  10 bullfrogs
  A kobold brigand (D:8)
  A brain worm (Sewer)
  2 gnoll sergeants
  4 scorpions
  2 killer bees (D:8)
  6 jellies
  10 orc priests
  A bombardier beetle (D:5)
  5 hounds
  2 sleepcaps (D:6)
  Crazy Yiuf (D:3)
  2 gnoll boudas (D:9)
  15 orc wizards
  5 iguanas
  8 hell rats
  8 mummies (Ossuary)
  3 adders
  16 gnolls
  A shadow imp (D:6)
  A white imp (D:5)
  2 ufetubi (D:6)
  A ribbon worm (D:3)
  39 orcs
  3 endoplasms
  7 giant cockroaches
  10 hobgoblins
  10 jackals
  3 quokkas
  2 ball pythons (D:1)
  7 bats
  4 goblins
  2 hobgoblin zombies (Ossuary)
  12 kobolds
  4 kobold zombies
  3 orc zombies (Ossuary)
  A rat (D:6)
368 creatures vanquished.

Vanquished Creatures (others)
  2 death yaks (Lair:5)
  2 orc knights (Orc:2)
  An orc sorcerer (Orc:2)
  An elephant (Lair:5)
  A komodo dragon (Lair:5)
  3 trolls
  A warg (Orc:2)
  6 orc warriors
  4 ogres
  A wolf (Lair:5)
  2 orc priests
  2 orc wizards (Orc:2)
  5 orcs
  111 blazeheart cores
  16 snaplasher vines
158 creatures vanquished.

Grand Total: 777 creatures vanquished

Notes
Turn   | Place    | Note
-------+----------+-------------------------------------------
     0 | D:1      | croobank the Human Summoner began the quest for the Orb.
     0 | D:1      | Reached XP level 1. HP: 13/13 MP: 3/3
   396 | D:1      | Reached XP level 2. HP: 19/19 MP: 1/5
   540 | D:1      | Learned a level 2 spell: Call Imp
  1125 | D:1      | Reached XP level 3. HP: 14/24 MP: 1/6
  1192 | D:1      | Learned a level 3 spell: Call Canine Familiar
  2046 | D:2      | Reached XP level 4. HP: 30/30 MP: 2/7
  2113 | D:2      | Identified a scroll of acquirement
  2113 | D:2      | Acquired 800 gold pieces
  2309 | D:2      | Found a faded altar of an unknown god.
  2333 | D:2      | You fall into a shaft and drop 1 floor!
  2546 | D:3      | Found a radiant altar of Vehumet.
  2591 | D:3      | Found a shadowy altar of Dithmenos.
  2600 | D:3      | Reached XP level 5. HP: 35/35 MP: 9/9
  2985 | D:3      | Found a white marble altar of Elyvilon.
  3229 | D:3      | Found a runed translucent door.
  3230 | D:3      | Noticed Crazy Yiuf
  3251 | D:3      | Killed Crazy Yiuf
  3501 | D:4      | Reached XP level 6. HP: 33/41 MP: 6/10
  3623 | D:4      | Reached skill level 5 in Summonings
  3735 | D:4      | Noticed Ijyb
  3753 | D:4      | Killed Ijyb
  3912 | D:4      | Reached XP level 7. HP: 46/46 MP: 6/12
  4453 | D:4      | Noticed Menkaure
  4518 | D:4      | Killed Menkaure
  4694 | D:4      | Found a stormy altar of Qazlal.
  4810 | D:4      | Found a runed translucent door.
  4811 | D:4      | Noticed backslashecho's ghost (amateur TeMo)
  4817 | D:4      | Learned a level 4 spell: Summon Blazeheart Golem
  4849 | D:4      | Noticed Edmund
  5162 | D:4      | Reached skill level 1 in Fire Magic
  5325 | D:4      | Killed backslashecho's ghost
  5326 | D:4      | Reached skill level 5 in Stealth
  5326 | D:4      | Reached skill level 6 in Summonings
  5326 | D:4      | Reached XP level 8. HP: 52/52 MP: 9/14
  5479 | D:5      | Entered Level 5 of the Dungeon
  5499 | D:4      | Killed Edmund
  5584 | D:5      | Reached skill level 5 in Dodging
  6045 | D:5      | Found the +8 arc blade {discharge, rElec}
  6869 | D:6      | Reached skill level 1 in Fighting
  6869 | D:6      | Reached skill level 5 in Spellcasting
  6869 | D:6      | Reached XP level 9. HP: 32/59 MP: 8/16
  6874 | D:6      | Learned a level 4 spell: Summon Lightning Spire
  6972 | D:6      | Found Kohael's CLEARANCE SALE!.
  7003 | D:6      | Found a glowing drain.
  7018 | Sewer    | Entered a sewer
  7056 | Sewer    | Noticed Pargi
  7072 | Sewer    | Killed Pargi
  7268 | D:6      | Found a broken altar of Ashenzari.
  7359 | D:6      | Reached skill level 1 in Air Magic
  7655 | D:6      | Found an ancient bone altar of Kikubaaqudgha.
  7661 | D:6      | Became a worshipper of Kikubaaqudgha
  7875 | D:6      | Found a hazy altar of Hepliaklqana.
  7902 | D:6      | Noticed Eustachio
  7920 | D:6      | Killed Eustachio
  8156 | D:6      | Found an ornate altar of the Wu Jian Council.
  8203 | D:7      | Found a staircase to the Ecumenical Temple.
  8210 | D:7      | Reached skill level 5 in Fire Magic
  8331 | D:7      | Noticed a nameless horror
  8422 | D:7      | Found a sand-covered staircase.
  8454 | Ossuary  | Entered an ossuary
  8504 | Ossuary  | Reached * piety under Kikubaaqudgha
  8504 | Ossuary  | Received a gift from Kikubaaqudgha
  8645 | Ossuary  | Reached skill level 7 in Summonings
  8768 | D:7      | Killed a nameless horror
  8915 | D:7      | Got the Verses on the Spooky Fairies
  9210 | D:8      | Reached XP level 10. HP: 19/70 MP: 15/18
  9726 | D:8      | Found a sacrificial altar of Ru.
 10845 | D:8      | Noticed Grum
 10866 | D:8      | Killed Grum
 12431 | D:9      | Reached ** piety under Kikubaaqudgha
 13163 | D:10     | Entered Level 10 of the Dungeon
 13210 | D:10     | Reached XP level 11. HP: 36/78 MP: 11/20
 13259 | D:10     | Reached skill level 8 in Summonings
 13447 | D:10     | Found a staircase to the Lair.
 13481 | D:10     | Found a runed translucent gate.
 13481 | D:10     | Found a runed translucent gate.
 13483 | D:10     | Found a runed translucent gate.
 13485 | D:10     | Noticed a great orb of eyes
 13485 | D:10     | Noticed Ruich's ghost (novice DgCj)
 13488 | D:10     | Found a viscous altar of Jiyva.
 13504 | D:10     | Killed a great orb of eyes
 13505 | D:10     | Reached *** piety under Kikubaaqudgha
 13505 | D:10     | Received a gift from Kikubaaqudgha
 13512 | D:10     | Killed Ruich's ghost
 13673 | D:10     | Reached skill level 5 in Fighting
 14466 | D:11     | Noticed a two-headed ogre
 14470 | D:11     | Killed a two-headed ogre
 14500 | D:11     | Reached skill level 5 in Air Magic
 14683 | D:11     | Reached skill level 1 in Necromancy
 14758 | D:11     | Noticed a manticore
 14773 | D:11     | Killed a manticore
 14774 | D:11     | Reached XP level 12. HP: 86/86 MP: 22/22
 14882 | D:11     | Identified the +10 short sword of Ycafullu {drain, rF+
                  | Str+3 SInv}
 14925 | D:11     | Acquired the Guide on Finality and Attendants
 14967 | D:11     | Found a hide-covered altar of Uskayaw.
 14977 | D:11     | Learned a level 5 spell: Summon Forest
 15408 | D:11     | Reached skill level 1 in Translocations
 15467 | D:11     | Reached **** piety under Kikubaaqudgha
 15827 | D:11     | Noticed Fannar
 15852 | D:11     | Killed Fannar
 15999 | D:11     | Found a staircase to the Orcish Mines.
 16455 | Lair:1   | Entered Level 1 of the Lair of Beasts
 16685 | Lair:1   | Noticed Jeremiah
 16695 | Lair:1   | Killed Jeremiah
 16821 | Lair:1   | Noticed Urug
 16834 | Lair:1   | Killed Urug
 17275 | Lair:1   | Noticed a catoblepas
 17277 | Lair:1   | Noticed Joseph
 17282 | Lair:1   | Killed Joseph
 17283 | Lair:1   | Reached skill level 9 in Summonings
 17286 | Lair:1   | Killed a catoblepas
 18120 | Lair:2   | Reached XP level 13. HP: 74/95 MP: 10/24
 18376 | Lair:2   | Reached ***** piety under Kikubaaqudgha
 18382 | Lair:2   | Reached skill level 5 in Translocations
 20141 | Lair:2   | Found a staircase to the Swamp.
 20914 | Lair:3   | Reached skill level 10 in Stealth
 21370 | Lair:3   | Reached skill level 5 in Necromancy
 21498 | Lair:3   | Reached XP level 14. HP: 81/104 MP: 15/26
 21504 | Lair:3   | Learned a level 5 spell: Summon Mana Viper
 21579 | Lair:3   | Found a staircase to the Snake Pit.
 21620 | Lair:3   | Reached skill level 10 in Summonings
 22212 | Lair:3   | Reached skill level 1 in Hexes
 24834 | Lair:5   | Entered Level 5 of the Lair of Beasts
 24948 | Lair:5   | Reached ****** piety under Kikubaaqudgha
 25287 | Lair:5   | Reached skill level 10 in Dodging
 25501 | Lair:5   | Identified the +5 scale mail of Limited Liability {Harm
                  | Will+ Str-3}
 25662 | Lair:5   | Found a viscous altar of Jiyva.
 25690 | Lair:5   | Found a staircase to the Slime Pits.
 25790 | Lair:5   | Learned a level 4 spell: Anguish
 25962 | Lair:5   | Reached skill level 1 in Shields
 26435 | Lair:5   | Received a gift from Kikubaaqudgha (forbidden knowledge)
 26463 | Lair:5   | Reached XP level 15. HP: 42/112 MP: 9/28
 27406 | Orc:1    | Entered Level 1 of the Orcish Mines
 27406 | Orc:1    | Noticed Maurice
 27406 | Orc:1    | Noticed an orc warlord
 27407 | Orc:1    | Reached XP level 16. HP: 119/119 MP: 29/29
 27407 | Orc:1    | Noticed Nergalle
 27416 | Orc:1    | Killed Nergalle
 27418 | Orc:1    | Something stole 10 javelins
 27419 | Orc:1    | Something stole a +4 orcbow of freezing
 27421 | Orc:1    | Killed Maurice
 27858 | Orc:1    | Learned a level 6 spell: Death Channel
 27860 | Orc:2    | Entered Level 2 of the Orcish Mines
 27880 | Orc:2    | Reached skill level 11 in Summonings
 28690 | Orc:2    | Noticed Nessos
 28696 | Orc:2    | HP: 5/120 [Nessos/arrow (6)]
 28698 | Orc:2    | Killed Nessos
 28709 | Orc:2    | HP: 3/120 [orc sorcerer/bolt of fire[an orc knight] (28)]
 28714 | Orc:2    | Killed from afar by an orc sorcerer

Illustrated notes

Levels and vault maps discovered:
D:1:      mrwooster_arrival_statue_2, layout_basic
D:2:      layout_loops_ring, basic_ecumenical_altar
D:3:      layout_basic, mainiacjoe_overflow_catch_the_wave, old_standard_altar,
          uniq_crazy_yiuf_cottage
D:4:      layout_basic, nicolae_qazlal_eye_of_the_storm,
          ebering_ghost_reflecting_pool, uniq_menkaure, uniq_edmund, uniq_ijyb
D:5:      layout_basic
D:6:      layout_basic, overflow_temple_1_default,
          ashenzari_conservatory_becter, mainiacjoe_overflow_swirl,
          portal_sewer_entry_a, nicolae_shop_clearance, uniq_eustachio
D:7:      layout_rooms, minmay_temple_entry_glass, enter_ossuary_3
D:8:      layout_layer_cave, old_standard_altar, uniq_grum
D:9:      kennysheep_housing_project, layout_irregular_city,
          minmay_misc_feat_four_crosses
D:10:     layout_roguey, minmay_lair_entry_grove, gammafunk_ghost_ooze,
          nicolae_twisting_strands
D:11:     layout_loops_ring, erik_orc_1, eat_drink_and_be_merry_uskayaw,
          uniq_fannar
D:12:     layout_rooms, minivault_13, uniq_azrael
Lair:1:   statuecave_lemuel, layout_chaotic_city, uniq_joseph, uniq_jeremiah,
          uniq_urug
Lair:2:   layout_chaotic_city, mainiacjoe_swamp_entry_angry_trees,
          minmay_lair_oklob_bushes
Lair:3:   nzn_winding_woodlands_stair_cross [nzn_winding_woodlands_5x15_zeroes,
          nzn_winding_woodlands_center_pierced_h,
          nzn_winding_woodlands_5x15_sidewinder,
          nzn_winding_woodlands_5x5_open_star, nzn_winding_woodlands_hourglass,
          nzn_winding_woodlands_5x15_garden,
          nzn_winding_woodlands_center_garden,
          nzn_winding_woodlands_5x15_pockets], layout_cave_pods,
          minmay_snake_entry_six_corridors
Lair:4:   layout_loops_ring, beast_lair_carwin_10, grunt_megastairs_3,
          serial_bayou_shore_a
Lair:5:   grunt_lair_end_beastmaster, layout_regular_city,
          nicolae_slime_entry_field_trip, grunt_megastairs_1
Orc:1:    layout_caves, uniq_nergalle, uniq_maurice
Orc:2:    st_orc_ogre_mass, layout_caves, uniq_nessos

Skill      XL: |  1  2  3  4  5  6  7  8  9 10 11 12 13 14 15 16 |
---------------+-------------------------------------------------+-----
Stealth        | 3 4 5 6 7 8 9 10 | 10.0
Dodging        | 3 4 5 6 7 8 9 10 | 10.0
Spellcasting   | 3 4 5 6 7 8 9 |  9.7
Summonings     | 5 6 7 8 9 10 11 | 11.1
Fire Magic     | 2 4 5 7 8 |  8.5
Fighting       | 1 3 4 5 6 7 8 9 |  9.3
Air Magic      | 2 3 5 6 7 |  7.0
Necromancy     | 1 3 5 6 9 |  9.3
Translocations | 4 6 8 9 |  9.2
Hexes          | 3 4 |  4.4
Shields        | 1 2 3 |  3.2

Action                     |  1- 3 |  4- 6 |  7- 9 | 10-12 | 13-15 | 16-18 || total
---------------------------+-------+-------+-------+-------+-------+-------++-------
  Melee: Unarmed           |    18 |       |       |       |       |       ||    18
         Short sword       |    34 |       |       |       |       |       ||    34
         Dagger            |     2 |    96 |   126 |    32 |       |       ||   256
         Scimitar          |       |       |       |    98 |   114 |     7 ||   219
         Rapier            |       |       |       |       |       |     1 ||     1
   Fire: Shortbow          |       |       |       |    75 |       |       ||    75
   Cast: Summon Small Mamm |    32 |    19 |    50 |    11 |    22 |     4 ||   138
         Call Imp          |    14 |    11 |    37 |    14 |    11 |     1 ||    88
         Call Canine Famil |     4 |     7 |    33 |    19 |    16 |     3 ||    82
         Summon Blazeheart |       |       |    15 |    52 |    78 |     4 ||   149
         Summon Lightning  |       |       |     5 |    32 |    38 |     6 ||    81
         Summon Forest     |       |       |       |     6 |    24 |     5 ||    35
         Anguish           |       |       |       |       |    15 |    30 ||    45
         Death Channel     |       |       |       |       |       |     4 ||     4
         Summon Mana Viper |       |       |       |       |       |     2 ||     2
 Invoke: Receive Forbidden |       |       |       |       |     1 |       ||     1
  Evoke: Wand              |       |       |       |     3 |     1 |     1 ||     5
    Use: Scroll            |     2 |    12 |    10 |     7 |     4 |     1 ||    36
         Potion            |       |     1 |     5 |     2 |     1 |     8 ||    17
   Stab: Distracted        |     1 |     1 |     5 |     4 |     4 |       ||    15
         Sleeping          |       |     6 |     3 |     2 |       |       ||    11
 Armour: Robe              |    33 |    43 |   112 |   192 |   196 |    31 ||   607
  Dodge: Dodged            |    64 |    84 |   235 |   364 |   204 |    27 ||   978

Table legend: (Time is in decaauts)
 A = Elapsed time spent in this place.
 B = Non-inter-level travel time spent in this place.
 C = Inter-level travel time spent in this place.
 D = Time resting spent in this place.
 E = Time spent auto-exploring this place.
 F = Levels seen in this place.
 G = Mean time per level.
                   A        B        C        D        E       F      G
               +--------+--------+--------+--------+--------+-----+--------+
         Total |  28884 |  27863 |   1021 |   8679 |  13245 |  21 | 1375.4 |
       Dungeon |  16554 |  15753 |    801 |   4347 |   8021 |  12 | 1379.5 |
          Lair |  10961 |  10809 |    152 |   4232 |   4511 |   5 | 2192.2 |
  Orcish Mines |    950 |    882 |     68 |    100 |    485 |   2 |  475.0 |
         Sewer |    137 |    137 |      0 |      0 |     62 |   1 |  137.0 |
       Ossuary |    279 |    279 |      0 |      0 |    166 |   1 |  279.0 |
               +--------+--------+--------+--------+--------+-----+--------+

Top non-repeatable levels by time:
  Lair:3: 3034 daAuts
  Lair:5: 2446 daAuts
    D:11: 2265 daAuts
  Lair:2: 2162 daAuts
     D:9: 2125 daAuts
     D:4: 2053 daAuts
     D:8: 1997 daAuts
  Lair:1: 1692 daAuts
  Lair:4: 1626 daAuts
     D:5: 1440 daAuts
    D:10: 1340 daAuts
     D:6: 1236 daAuts
     D:2: 1196 daAuts
     D:1: 1137 daAuts
     D:3: 1135 daAuts
